Map: Orbital Shipyard

Players

Anorra - Winner!

  • Race: Terran Terran
  • League: Silver

Grumm

  • Race: Protoss Protoss
  • League: Gold

VOD

Have the link to the VOD?

Description

Time

  • Played on: Feb. 10, 2016, 2:32 p.m.
  • Length: 15:16
Show
View Real Time Build Order
Export as new Build Order

Anorra Terran - Winner!

Build Orders: Liberator Opening, Reaper Expand, MMM Bio 

Get SALT Encoding   

  12  0:00  SCV  
  13  0:13  SCV  
  14  0:18  Supply Depot  
  14  0:25  SCV  
  15  0:40  SCV  
  15  0:42  Barracks  
  16  0:51  Refinery  
  16  0:52  SCV  
  17  1:04  SCV  
  18  1:16  SCV  
  19  1:29  Orbital Command  
  19  1:35  Reaper  
  20  1:42  Command Center  
  20  1:52  Refinery  
  20  1:56  SCV  
  20  2:00  Supply Depot  
  21  2:07  Marine  
  22  2:11  SCV  
  23  2:26  Factory, Barracks Reactor  
  23  2:38  SCV  
  24  2:50  SCV  
  25  2:56  Barracks  
  25  3:00  Barracks  
  25  3:04  Marine x2  
  27  3:13  SCV  
  27  3:14  Orbital Command  
  27  3:15  Bunker  
  27  3:16  Factory Tech Lab  
  28  3:23  Starport  
  28  3:28  Marine  
  28  3:33  SCV  
  30  3:42  Cyclone  
  30  3:45  Barracks Tech Lab  
  33  3:50  SCV  
  34  3:57  Liberator  
  34  4:03  Engineering Bay  
  34  4:08  SCV x2  
  36  4:15  Barracks Reactor  
  39  4:20  SCV x2  
  41  4:27  Refinery  
  41  4:28  Marine x2  
  43  4:32  Refinery, SCV  
  43  4:36  Missile Turret  
  44  4:55  SCV  
  45  5:04  Supply Depot  
  45  5:06  Supply Depot  
  45  5:26  Siege Tank, SCV x2  
  50  5:31  Starport Reactor  
  50  5:32  Marine  
  50  5:33  Marine x4  
  55  5:38  SCV x2  
  55  5:40  Terran Infantry Weapons Level 1  
  55  5:42  Command Center  
  57  5:46  Engineering Bay  
  57  5:47  Armory  
  57  5:50  SCV x2  
  59  5:58  Marine x2  
  59  5:59  Marine  
  62  6:06  Supply Depot x2  
  62  6:10  Supply Depot  
  62  6:21  Stimpack  
  62  6:27  Medivac x2, Marine x2, SCV  
  62  6:28  Barracks  
  69  6:37  Marine x2  
  71  6:44  Terran Infantry Armor Level 1, Missile Turret  
  71  6:51  Marine x3  
  74  7:02  Siege Tank  
  77  7:12  Medivac x2  
  77  7:13  Marine x2  
  77  7:14  Marine x3  
  83  7:36  SCV x2  
  84  7:38  Orbital Command  
  77  7:51  Marine x2  
  77  7:52  Marine x2  
  77  7:53  Barracks Tech Lab  
  77  7:55  Medivac x2  
  75  8:10  Orbital Command  
  72  8:33  Marine x3  
  77  8:34  Marauder x2  
  77  8:35  Combat Shields  
  77  8:38  Concussive Shells, Barracks  
  77  8:39  SCV x3  
  82  8:42  Factory  
  82  8:51  SCV  
  84  8:55  Marauder  
  84  8:57  Marine x4  
  84  8:59  Viking x2  
  90  9:05  SCV x3  
  93  9:16  Missile Turret  
  93  9:22  SCV x3  
  94  9:32  Supply Depot  
  94  9:33  Terran Vehicle And Ship Armor Level 1  
  94  9:34  SCV  
  94  9:37  Marine  
  94  9:38  Marine x4  
  100  9:48  Marine  
  97  9:55  Marine x3  
  97  9:58  Marine  
  97  9:59  Marine  
  93  10:02  Barracks Tech Lab  
  93  10:03  Factory Tech Lab  
  93  10:06  Marine, Siege Tank  
  93  10:13  Marine  
  89  10:16  Command Center  
  89  10:18  Supply Depot  
  89  10:20  Refinery  
  86  10:21  SCV x3  
  86  10:26  Refinery  
  85  10:28  Marine x3  
  85  10:29  Marine x3  
  91  10:37  Marine  
  91  10:39  Siege Tank  
  91  10:40  Siege Tank  
  98  10:42  SCV  
  98  10:43  SCV x2  
  98  10:46  Marine  
  98  10:47  Marauder x3  
  98  10:49  Medivac x2  
  111  10:59  Refinery  
  111  11:01  SCV  
  111  11:02  SCV x2  
  114  11:08  Marauder  
  109  11:11  Siege Tank  
  109  11:13  Marine x4  
  109  11:14  Marine  
  103  11:37  Marine x5  
  103  11:38  Marauder x2  
  104  11:56  Marauder  
  104  11:59  Marine x5  
  104  12:00  Marauder  
  111  12:01  Terran Infantry Weapons Level 2  
  111  12:04  SCV x3  
  111  12:06  Orbital Command  
  114  12:16  SCV  
  114  12:17  Marauder  
  114  12:18  Marauder  
  119  12:24  Medivac  
  119  12:27  SCV x2  
  119  12:28  SCV  
  124  12:42  Supply Depot  
  124  12:45  Supply Depot  
  124  12:46  Supply Depot  
  124  12:49  Liberator  
  124  12:50  Orbital Command  
  124  13:02  Supply Depot  
  124  13:04  Marine x7  
  131  13:06  Supply Depot  
  134  13:17  Medivac  
  122  13:22  Marine x7  
  122  13:25  SCV x3  
  130  13:31  SCV  
  125  13:37  SCV x2  
  125  13:39  Marine x2  
  125  13:41  Siege Tank  
  130  13:47  Medivac  
  129  13:49  SCV x2  
  129  13:50  SCV  
  122  13:56  Marine  
  122  13:57  Marine x2  
  122  14:02  Medivac  
  127  14:11  SCV x4  
  128  14:17  Medivac  
  128  14:22  Marine  
  128  14:23  Marine x4, SCV x3  
  128  14:24  Marauder x2  
  139  14:34  Refinery  
  139  14:41  Marauder  
  139  14:45  Marauder x2  
  145  14:48  Command Center  
  144  14:53  Refinery, Marine  
  144  14:54  Marine x3  
  144  14:58  SCV  
  144  14:59  SCV x3  
Show
View Real Time Build Order
Export as new Build Order

Grumm Protoss 

Build Orders:  

Get SALT Encoding   

  12  0:01  Probe (Chrono Boost)  
  13  0:12  Probe (Chrono Boost)  
  14  0:18  Assimilator  
  14  0:22  Probe (Chrono Boost)  
  15  0:29  Pylon  
  15  0:38  Assimilator  
  15  0:48  Probe (Chrono Boost)  
  16  0:52  Gateway  
  16  0:58  Probe (Chrono Boost)  
  17  1:09  Probe (Chrono Boost)  
  18  1:19  Probe (Chrono Boost)  
  19  1:31  Probe (Chrono Boost)  
  20  1:40  Cybernetics Core  
  20  1:57  Nexus  
  20  2:02  Probe (Chrono Boost)  
  21  2:11  Pylon  
  21  2:24  Robotics Facility  
  21  2:32  Mothership Core (Chrono Boost)  
  23  2:41  Stalker  
  25  2:46  Warp Gate  
  25  2:56  Probe (Chrono Boost)  
  26  3:06  Gateway  
  26  3:18  Warp Prism  
  28  3:33  Gateway  
  28  3:37  Gateway  
  28  3:43  Pylon  
  28  3:49  Probe (Chrono Boost)  
  29  4:06  Probe x2 (Chrono Boost)  
  31  4:14  Stargate  
  33  4:17  Probe x2 (Chrono Boost)  
  33  4:25  Assimilator  
  33  4:27  Probe x2 (Chrono Boost)  
  35  4:47  Probe x2 (Chrono Boost)  
  37  4:58  Probe x2 (Chrono Boost)  
  39  5:21  Probe x2 (Chrono Boost)  
  41  5:27  Stalker x3  
  45  5:31  Void Ray, Probe x2 (Chrono Boost)  
  45  5:33  Stalker x4  
  45  5:34  Warp Prism  
  53  5:42  Probe (Chrono Boost)  
  54  5:52  Pylon  
  54  5:54  Assimilator, Pylon  
  54  5:57  Pylon  
  54  6:00  Pylon  
  54  6:05  Pylon  
  54  6:10  Probe x2 (Chrono Boost)  
  56  6:14  Void Ray  
  60  6:20  Probe (Chrono Boost)  
  61  6:29  Stalker  
  61  6:31  Adept x3  
  69  6:33  Immortal  
  74  6:40  Forge, Probe (Chrono Boost)  
  74  6:42  Pylon  
  74  6:58  Probe (Chrono Boost)  
  75  7:16  Nexus  
  63  7:40  Adept, Stalker  
  63  7:41  Adept x2  
  61  8:07  Probe x2 (Chrono Boost)  
  55  8:15  Pylon  
  55  8:19  Void Ray, Pylon, Immortal  
  63  8:20  Pylon  
  63  8:21  Stalker  
  63  8:22  Stalker x3  
  63  8:25  Protoss Ground Weapons Level 1  
  71  8:32  Gateway x2  
  71  8:35  Gateway  
  71  8:36  Pylon  
  70  8:56  Stalker x2  
  70  8:57  Stalker  
  76  9:21  Void Ray  
  76  9:22  Immortal  
  84  9:29  Stalker x4  
  88  9:39  Forge  
  68  10:01  Warp Prism  
  60  10:15  Stalker x3  
  60  10:16  Stalker x4  
  74  10:38  Stalker x2  
  74  10:40  Adept x2  
  82  10:47  Zealot  
  82  10:48  Zealot x2  
  66  11:22  Stalker x4  
  66  11:23  Adept  
  66  11:24  Adept x2  
  56  11:47  Void Ray  
  56  11:48  Immortal  
  56  11:49  Zealot x3  
  56  11:50  Zealot x2  
  56  11:51  Stalker x2  
  70  12:03  Probe (Chrono Boost)  
  69  12:10  Stalker x2  
  69  12:11  Twilight Council, Stalker x3  
  79  12:17  Probe (Chrono Boost)  
  79  12:18  Probe (Chrono Boost)  
  79  12:20  Assimilator  
  81  12:24  Photon Cannon  
  81  12:26  Assimilator  
  81  12:29  Photon Cannon  
  81  12:42  Void Ray  
  81  12:43  Immortal  
  89  12:49  Probe x2 (Chrono Boost)  
  89  12:50  Probe (Chrono Boost)  
  92  12:55  Protoss Ground Armor Level 1  
  92  12:56  Protoss Ground Weapons Level 2  
  92  12:58  Stalker  
  92  13:00  Probe x3 (Chrono Boost)  
  92  13:01  Stalker  
  92  13:02  Stalker x2  
  92  13:03  Stalker  
  105  13:06  Adept  
  74  13:23  Stalker x2  
  68  13:32  Stalker x3  
  68  13:33  Stalker x2  
  70  13:37  Stalker x4  
  70  13:38  Stalker  
  58  13:59  Void Ray  
  58  14:01  Immortal  
  66  14:03  Stalker x3  
  72  14:23  Adept  
  74  14:24  Adept  
  76  14:38  Assimilator  
  76  14:44  Pylon  
Tags
 
Add a new tag
Caveats
  • Supply blocks, unpowered buildings, or Contaminate may cause inaccurate times.
  • Supply counts are checked every 10 seconds.